MINNESOTA vs TORONTO

Created - February-15-21 at 18:53

Goals
1 2 3 T
MINNESOTA 0 0 3 3
TORONTO 0 2 0 2
Shots
1 2 3 T
MINNESOTA 7 7 6 20
TORONTO 9 11 10 30

1st period

No Goal

Penalties :
Torey Krug (MIN) for Hooking (Minor) at 8:56, Brett Kulak (MIN) for Roughing (Minor) at 12:44

2nd period

1. TORONTO , Matt Niskanen 2 (Jordan Martinook 3, Kevin Shattenkirk 11) at 5:30
2. TORONTO , Jeff Skinner 1 (Nick Suzuki 6, Brady Tkachuk 2) at 15:46 (PP)

Penalties :
Jordie Benn (TOR) for Hooking (Minor) at 7:42, Jordie Benn (TOR) for Interference (Minor) at 12:01, Oliver Ekman-Larsson (MIN) for Hooking (Minor) at 14:37

3rd period

3. MINNESOTA , Nikita Kucherov 11 (Kyle Connor 8, Torey Krug 10) at 4:48
4. MINNESOTA , John Tavares 4 (Tanner Pearson 6, Torey Krug 11) at 9:46
5. MINNESOTA , Niklas Hjalmarsson 2 (Nikita Kucherov 11, Kyle Connor 9) at 14:00

Penalties :
Zach Hyman (MIN) for Tripping (Minor) at 1:26, Kyle Connor (MIN) for Hooking (Minor) at 15:37

Goalie Stats

Andrei Vasilevskiy (MIN), 28 saves from 30 shots - (0.933), W, 13-6-0, 60:00 minutes
Anton Khudobin (TOR), 17 saves from 20 shots - (0.850), L, 6-11-2, 58:58 minutes

Players Stats for MINNESOTA

Player Name              G  A  P  +/- PIM S  H  SB GA TA FO     MP     PP MP  PK MP  
------------------------------------------------------------------------------------
Brett Kulak              0  0  0   2  2   0  0  2  0  0  0/0    15:36   0:00   3:58 
Colin White              0  0  0   0  0   1  0  1  0  0  0/4    10:08   0:00   0:00 
Dominik Kahun            0  0  0   0  0   0  0  0  0  0  0/0    10:49   0:00   0:41 
Erik Karlsson            0  0  0   0  0   0  3  0  0  0  0/0    22:19   2:07   4:45 
Johan Larsson            0  0  0  -1  0   1  0  0  0  0  4/16   12:11   0:00   5:10 
John Tavares             1  0  1   1  0   3  1  0  0  0  7/14   16:45   2:07   0:00 
Kyle Connor              0  2  2   2  2   2  1  0  0  0  0/0    17:16   2:07   0:00 
Mark Giordano            0  0  0   0  0   3  2  1  0  0  0/0    25:30   1:51   4:01 
Mats Zuccarello          0  0  0   0  0   2  1  0  0  0  0/0    13:00   0:00   2:52 
Matt Calvert             0  0  0  -1  0   0  0  0  0  0  1/2    12:06   0:00   5:05 
Nikita Kucherov          1  1  2   2  0   3  0  0  0  0  0/1    17:17   2:07   0:00 
Niklas Hjalmarsson       1  0  1   0  0   2  2  6  0  0  0/0    20:11   0:00   4:31 
Oliver Ekman-Larsson     0  0  0   0  2   0  3  1  0  0  0/0    18:25   1:51   0:55 
Tanner Pearson           0  1  1   1  0   3  1  0  0  0  1/2    16:29   1:51   0:00 
Tomas Hertl              0  0  0   2  0   0  3  0  0  0  19/25  20:15   1:51   3:14 
Torey Krug               0  2  2   2  2   0  0  1  0  0  0/0    17:56   2:07   0:00 
William Carrier          0  0  0  -1  0   0  1  0  0  0  1/1     8:09   0:00   1:08 
Zach Hyman               0  0  0   1  2   0  0  0  0  0  0/0    16:28   1:51   0:00 

Players Stats for TORONTO

Player Name              G  A  P  +/- PIM S  H  SB GA TA FO     MP     PP MP  PK MP  
------------------------------------------------------------------------------------
Alex Pietrangelo         0  0  0  -2  0   5  0  4  0  0  0/0    23:22   4:50   2:27 
Brady Tkachuk            0  1  1   0  0   1  2  0  0  0  0/1    17:34   4:25   0:00 
Brayden Point            0  0  0  -3  0   2  1  1  0  0  5/14   21:22   4:40   2:12 
Curtis Lazar             0  0  0   1  0   0  0  0  0  0  5/8    10:06   0:00   1:08 
Ethan Bear               0  0  0  -1  0   1  1  0  0  0  0/0    16:17   0:22   1:31 
Jeff Skinner             1  0  1   0  0   4  1  0  0  0  0/0    15:08   4:25   0:00 
Joe Pavelski             0  0  0  -3  0   2  2  0  0  0  5/8    18:47   4:40   0:00 
Jordan Martinook         0  1  1   1  0   2  2  0  0  0  0/0    10:06   0:00   1:08 
Jordie Benn              0  0  0  -1  4   1  2  0  0  0  0/0    14:22   0:00   0:00 
Josh Morrissey           0  0  0  -2  0   1  0  1  0  0  0/0    22:06   4:15   2:32 
Justin Williams          0  0  0   0  0   1  0  0  0  0  0/0    13:09   0:00   0:00 
Kevin Shattenkirk        0  1  1   1  0   0  3  0  0  0  0/0    20:56   4:28   0:00 
Mark Scheifele           0  0  0   0  0   5  0  0  0  0  8/14   17:50   4:18   0:00 
Matt Niskanen            1  0  1   1  0   1  0  2  0  0  0/0    22:55   4:15   1:26 
Nick Suzuki              0  1  1   0  0   2  0  0  0  0  6/17   14:45   4:25   0:00 
Ondrej Palat             0  0  0  -3  0   0  1  0  0  0  1/1    16:32   0:00   2:25 
Oskar Lindblom           0  0  0   0  0   1  1  0  0  0  2/2    10:42   0:22   0:00 
Ryan Reaves              0  0  0   1  0   1  1  0  0  0  0/0    10:01   0:00   1:03 

3 Stars

1 - Nikita Kucherov (MIN)
2 - Niklas Hjalmarsson (MIN)
3 - John Tavares (MIN)

Power Play

MINNESOTA - 0 on 2 Attempt(s) - 0.00%
TORONTO - 1 on 5 Attempt(s) - 20.00%

Penalty Kill

MINNESOTA - 4 on 5 Attempt(s) - 80.00% - Score 0 goal in Penalty Kill
TORONTO - 2 on 2 Attempt(s) - 100.00% - Score 0 goal in Penalty Kill

Team Stat

MINNESOTA - Hits : 18 - Faceoff Wins : 33 - Blocked Shots : 12 - Penalty Minutes : 10
TORONTO - Hits : 17 - Faceoff Wins : 32 - Blocked Shots : 8 - Penalty Minutes : 4

Official

Referees : Troy Paterson and Garrett Rank
Linesman : Brendan Lewis and Jesse Marquis

Game Notes

No Game Note

Finance

Level 1 -- Attendance: 6000 (100.00%) -- Ticket Income $408,000
Level 2 -- Attendance: 4718 (94.36%) -- Ticket Income $259,490
Level 3 -- Attendance: 2000 (100.00%) -- Ticket Income $62,000
Level 4 -- Attendance: 3135 (78.38%) -- Ticket Income $68,970
Luxury Box -- Attendance: 978 (97.80%) -- Ticket Income $132,030
Game was played at the Air Canada Center.
Total Attendance: 16831 (93.51%)
Total Ticket Income: $930,490
Total Income: $930,490

MINNESOTA

5 vs 5 Forward 
   Center                   Left Wing                Right Wing               Time % Phy DF OF 
 1 Tomas Hertl              Kyle Connor              Nikita Kucherov          37     0   2  3  
 2 John Tavares             Tanner Pearson           Zach Hyman               33     1   2  2  
 3 Colin White              Dominik Kahun            Mats Zuccarello          20     1   3  1  
 4 Johan Larsson            William Carrier          Matt Calvert             10     2   3  0  

5 vs 5 Defense 
   Defense                  Defense                                           Time % Phy DF OF 
 1 Mark Giordano            Erik Karlsson                                     35     1   2  2  
 2 Oliver Ekman-Larsson     Niklas Hjalmarsson                                30     1   2  2  
 3 Brett Kulak              Torey Krug                                        25     1   2  2  
 4 Torey Krug               Mark Giordano                                     10     0   2  3  

PowerPlay Forward 
   Center                   Left Wing                Right Wing               Time % Phy DF OF 
 1 John Tavares             Nikita Kucherov          Kyle Connor              60     0   1  4  
 2 Tomas Hertl              Tanner Pearson           Zach Hyman               40     1   1  3  

PowerPlay Defense
   Defense                  Defense                                           Time % Phy DF OF 
 1 Torey Krug               Erik Karlsson                                     60     0   1  4  
 2 Oliver Ekman-Larsson     Mark Giordano                                     40     1   1  3  

Penalty Kill 4 Players Forward 
   Center                   Wing                     Time % Phy DF OF 
 1 Johan Larsson            Matt Calvert             60     1   3  1  
 2 Tomas Hertl              Mats Zuccarello          40     1   3  1  

Penalty Kill 4 Players Defense
   Defense                  Defense                  Time % Phy DF OF 
 1 Mark Giordano            Erik Karlsson            60     1   3  1  
 2 Niklas Hjalmarsson       Brett Kulak              40     1   4  0  

Penalty Kill - 3 Players Forward 
   Forward                                           Time % Phy DF OF 
 1 Johan Larsson                                     60     1   4  0  
 2 Matt Calvert                                      40     1   4  0  

Penalty Kill - 3 Players Defense
   Defense                  Defense                  Time % Phy DF OF 
 1 Mark Giordano            Niklas Hjalmarsson       60     1   4  0  
 2 Oliver Ekman-Larsson     Mats Zuccarello          40     1   4  0  

4 vs 4 Forward 
   Center                   Wing                     Time % Phy DF OF 
 1 John Tavares             Nikita Kucherov          60     1   2  2  
 2 Tomas Hertl              Kyle Connor              40     1   1  3  

4 vs 4 Defense
   Defense                  Defense                  Time % Phy DF OF 
 1 Mark Giordano            Torey Krug               60     1   2  2  
 2 Oliver Ekman-Larsson     Erik Karlsson            40     1   2  2  

Last Minutes Offensive
   Center                   Left Wing                Right Wing               Defense                  Defense                  
   Tomas Hertl              Kyle Connor              Nikita Kucherov          Torey Krug               Erik Karlsson            

Last Minutes Defensive
   Center                   Left Wing                Right Wing               Defense                  Defense                  
   Tomas Hertl              Tanner Pearson           Matt Calvert             Mark Giordano            Niklas Hjalmarsson       

Goaltenders
Starting : Andrei Vasilevskiy       
Backup : Gilles Senn              

Extra Forwards
Normal : Tomas Hertl, Zach Hyman, Nikita Kucherov - PP : Zach Hyman, Nikita Kucherov - PK : Tomas Hertl
Extra Defensemen
Normal : Oliver Ekman-Larsson, Erik Karlsson, Mark Giordano - PP : Torey Krug - PK : Niklas Hjalmarsson, Mark Giordano
Penalty Shots
Nikita Kucherov, Mats Zuccarello, Kyle Connor, Tomas Hertl, Tanner Pearson

Scratches
MIN Cap Hit (Healthy)

TORONTO

5 vs 5 Forward 
   Center                   Left Wing                Right Wing               Time % Phy DF OF 
 1 Brayden Point            Ondrej Palat             Joe Pavelski             35     1   2  2  
 2 Mark Scheifele           Brady Tkachuk            Justin Williams          30     1   2  2  
 3 Nick Suzuki              Oskar Lindblom           Jeff Skinner             20     1   2  2  
 4 Curtis Lazar             Jordan Martinook         Ryan Reaves              15     2   2  1  

5 vs 5 Defense 
   Defense                  Defense                                           Time % Phy DF OF 
 1 Josh Morrissey           Alex Pietrangelo                                  35     1   2  2  
 2 Matt Niskanen            Kevin Shattenkirk                                 35     1   2  2  
 3 Ethan Bear               Jordie Benn                                       25     1   3  1  
 4 Alex Pietrangelo         Matt Niskanen                                     5      1   2  2  

PowerPlay Forward 
   Center                   Left Wing                Right Wing               Time % Phy DF OF 
 1 Joe Pavelski             Mark Scheifele           Brayden Point            60     1   2  2  
 2 Nick Suzuki              Brady Tkachuk            Jeff Skinner             40     1   2  2  

PowerPlay Defense
   Defense                  Defense                                           Time % Phy DF OF 
 1 Alex Pietrangelo         Kevin Shattenkirk                                 60     1   2  2  
 2 Matt Niskanen            Josh Morrissey                                    40     1   2  2  

Penalty Kill 4 Players Forward 
   Center                   Wing                     Time % Phy DF OF 
 1 Brayden Point            Ondrej Palat             60     1   3  1  
 2 Curtis Lazar             Jordan Martinook         40     1   3  1  

Penalty Kill 4 Players Defense
   Defense                  Defense                  Time % Phy DF OF 
 1 Alex Pietrangelo         Matt Niskanen            60     1   3  1  
 2 Josh Morrissey           Jordie Benn              40     1   3  1  

Penalty Kill - 3 Players Forward 
   Forward                                           Time % Phy DF OF 
 1 Ondrej Palat                                      60     1   3  1  
 2 Jordan Martinook                                  40     1   3  1  

Penalty Kill - 3 Players Defense
   Defense                  Defense                  Time % Phy DF OF 
 1 Alex Pietrangelo         Matt Niskanen            60     1   3  1  
 2 Josh Morrissey           Jordie Benn              40     1   3  1  

4 vs 4 Forward 
   Center                   Wing                     Time % Phy DF OF 
 1 Brayden Point            Ondrej Palat             60     1   2  2  
 2 Mark Scheifele           Brady Tkachuk            40     1   2  2  

4 vs 4 Defense
   Defense                  Defense                  Time % Phy DF OF 
 1 Josh Morrissey           Alex Pietrangelo         60     1   2  2  
 2 Matt Niskanen            Ethan Bear               40     1   2  2  

Last Minutes Offensive
   Center                   Left Wing                Right Wing               Defense                  Defense                  
   Mark Scheifele           Jeff Skinner             Brayden Point            Alex Pietrangelo         Kevin Shattenkirk        

Last Minutes Defensive
   Center                   Left Wing                Right Wing               Defense                  Defense                  
   Brayden Point            Ondrej Palat             Mark Scheifele           Alex Pietrangelo         Matt Niskanen            

Goaltenders
Starting : Anton Khudobin           
Backup : Jonathan Quick           

Extra Forwards
Normal : Joe Pavelski, Jordan Martinook, Oskar Lindblom - PP : Justin Williams, Oskar Lindblom - PK : Ryan Reaves
Extra Defensemen
Normal : Ethan Bear, Jordie Benn, Matt Niskanen - PP : Ethan Bear - PK : Jordie Benn, Alex Pietrangelo
Penalty Shots
Brayden Point, Mark Scheifele, Jeff Skinner, Ondrej Palat, Brady Tkachuk

Scratches
TOR Cap Hit (Suspend)

% Time on Ice - MINNESOTA

Lines # - Real PCT - Wanted PCT - Time Play
Normal Forward
1 - 32% - 37% - 15:10
2 - 31% - 33% - 14:38
3 - 22% - 20% - 10:08
4 - 15% - 10% - 7:01
Normal Defense
1 - 33% - 35% - 15:27
2 - 33% - 30% - 15:40
3 - 25% - 25% - 11:39
4 - 9% - 10% - 4:11
PP Forward
1 - 53% - 60% - 2:07
2 - 47% - 40% - 1:51
PP Defense
1 - 53% - 60% - 2:07
2 - 47% - 40% - 1:51
PK Forward
1 - 68% - 60% - 6:13
2 - 32% - 40% - 2:52
PK Defense
1 - 42% - 60% - 3:49
2 - 58% - 40% - 5:16
PK3 Forward
1 - 0% - 60%
2 - 0% - 40%
PK3 Defense
1 - 0% - 60%
2 - 0% - 40%
44 Forward
1 - 0% - 60%
2 - 0% - 40%
44 Defense
1 - 0% - 60%
2 - 0% - 40%
Last Minute Offensive  - 0:00
Last Minute Defensive  - 0:00
Total
Forward - 60:00
Defense - 60:00

% Time on Ice - TORONTO

Lines # - Real PCT - Wanted PCT - Time Play
Normal Forward
1 - 30% - 35% - 14:07
2 - 28% - 30% - 13:09
3 - 22% - 20% - 10:20
4 - 19% - 15% - 8:58
Normal Defense
1 - 33% - 35% - 15:19
2 - 35% - 35% - 16:05
3 - 31% - 25% - 14:24
4 - 2% - 5% - 0:46
PP Forward
1 - 51% - 60% - 4:40
2 - 49% - 40% - 4:25
PP Defense
1 - 53% - 60% - 4:50
2 - 47% - 40% - 4:15
PK Forward
1 - 71% - 60% - 2:50
2 - 29% - 40% - 1:08
PK Defense
1 - 36% - 60% - 1:26
2 - 64% - 40% - 2:32
PK3 Forward
1 - 0% - 60%
2 - 0% - 40%
PK3 Defense
1 - 0% - 60%
2 - 0% - 40%
44 Forward
1 - 0% - 60%
2 - 0% - 40%
44 Defense
1 - 0% - 60%
2 - 0% - 40%
Last Minute Offensive  - 0:23
Last Minute Defensive  - 0:00
Total
Forward - 60:00
Defense - 60:00

Play-by-Play

1st period


0:01 of 1st period - Tomas Hertl wins face-off versus Brayden Point in neutral zone.
0:10 of 1st period - Shot by Kyle Connor.
0:10 of 1st period - Shot Blocked by Brayden Point.
0:26 of 1st period - Shot by Nikita Kucherov.
0:26 of 1st period - Shot Misses the Net.
0:28 of 1st period - Shot by Mark Giordano.
0:28 of 1st period - Shot Blocked by Alex Pietrangelo.
0:36 of 1st period - Shot by Nikita Kucherov.
0:36 of 1st period - Stopped by Anton Khudobin with a rebound.
1:18 of 1st period - Shot by Tanner Pearson.
1:18 of 1st period - Stopped by Anton Khudobin without a rebound.
1:19 of 1st period - Oskar Lindblom wins face-off versus Colin White in TORONTO zone.
2:20 of 1st period - Shot by Jordan Martinook.
2:20 of 1st period - Stopped by Andrei Vasilevskiy without a rebound.
2:21 of 1st period - Mark Scheifele wins face-off versus John Tavares in MINNESOTA zone.
2:26 of 1st period - Shot by Mark Scheifele.
2:26 of 1st period - Stopped by Andrei Vasilevskiy with a rebound.
2:29 of 1st period - Icing by Niklas Hjalmarsson.
2:30 of 1st period - Curtis Lazar wins face-off versus John Tavares in MINNESOTA zone.
3:30 of 1st period - Icing by Alex Pietrangelo.
3:31 of 1st period - Tomas Hertl wins face-off versus Mark Scheifele in TORONTO zone.
4:30 of 1st period - Joe Pavelski is hit by Erik Karlsson.
4:35 of 1st period - Brayden Point is hit by Erik Karlsson.
4:48 of 1st period - Icing by Mark Giordano.
4:49 of 1st period - Tomas Hertl wins face-off versus Nick Suzuki in MINNESOTA zone.
5:00 of 1st period - Erik Karlsson is hit by Jeff Skinner and loses puck.
5:11 of 1st period - Shot by Nick Suzuki.
5:11 of 1st period - Shot Misses the Net.
5:13 of 1st period - Shot by Nick Suzuki.
5:13 of 1st period - Stopped by Andrei Vasilevskiy without a rebound.
5:14 of 1st period - Curtis Lazar wins face-off versus Johan Larsson in MINNESOTA zone.
5:31 of 1st period - Icing by Brett Kulak.
5:32 of 1st period - Brayden Point wins face-off versus Johan Larsson in MINNESOTA zone.
6:05 of 1st period - Shot by Matt Niskanen.
6:05 of 1st period - Shot Blocked by Brett Kulak.
6:07 of 1st period - Shot by Joe Pavelski.
6:07 of 1st period - Shot Misses the Net.
6:09 of 1st period - Shot by Joe Pavelski.
6:09 of 1st period - Deflect By Ondrej Palat.
6:09 of 1st period - Shot Misses the Net.
6:27 of 1st period - Shot by Mark Scheifele.
6:27 of 1st period - Shot Blocked by Torey Krug.
6:29 of 1st period - Shot by Justin Williams.
6:29 of 1st period - Deflect By Mark Scheifele.
6:29 of 1st period - Stopped by Andrei Vasilevskiy without a rebound.
6:30 of 1st period - Tanner Pearson wins face-off versus Nick Suzuki in MINNESOTA zone.
6:53 of 1st period - Shot by Tanner Pearson.
6:53 of 1st period - Stopped by Anton Khudobin with a rebound.
7:25 of 1st period - Shot by Mats Zuccarello.
7:25 of 1st period - Stopped by Anton Khudobin without a rebound.
7:26 of 1st period - Tomas Hertl wins face-off versus Mark Scheifele in TORONTO zone.
7:27 of 1st period - Shot by Kyle Connor.
7:27 of 1st period - Stopped by Anton Khudobin without a rebound.
7:28 of 1st period - Mark Scheifele wins face-off versus Colin White in TORONTO zone.
7:44 of 1st period - Shot by Mats Zuccarello.
7:44 of 1st period - Stopped by Anton Khudobin without a rebound.
7:45 of 1st period - Tomas Hertl wins face-off versus Brayden Point in TORONTO zone.
7:48 of 1st period - Shot by Kyle Connor.
7:48 of 1st period - Stopped by Anton Khudobin without a rebound.
7:49 of 1st period - Ondrej Palat wins face-off versus Nikita Kucherov in TORONTO zone.
7:49 of 1st period - Matt Niskanen is hit by Tomas Hertl and loses puck.
8:11 of 1st period - Shot by Ondrej Palat.
8:11 of 1st period - Deflect By Joe Pavelski.
8:11 of 1st period - Stopped by Andrei Vasilevskiy with a rebound.
8:13 of 1st period - Shot by Brayden Point.
8:13 of 1st period - Shot Misses the Net.
8:15 of 1st period - Shot by Matt Niskanen.
8:15 of 1st period - Shot Misses the Net.
8:29 of 1st period - Shot by Brayden Point.
8:29 of 1st period - Shot Blocked by Mark Giordano.
8:56 of 1st period - Minor Penalty to Torey Krug for Hooking.
8:57 of 1st period - Johan Larsson wins face-off versus Nick Suzuki in MINNESOTA zone.
10:18 of 1st period - Off-side.
10:19 of 1st period - Tomas Hertl wins face-off versus Brady Tkachuk in neutral zone.
11:17 of 1st period - Jordie Benn is hit by Tanner Pearson and loses puck.
11:53 of 1st period - Niklas Hjalmarsson is hit by Jordan Martinook.
12:44 of 1st period - Minor Penalty to Brett Kulak for Roughing.
12:45 of 1st period - Joe Pavelski wins face-off versus Johan Larsson in MINNESOTA zone.
13:02 of 1st period - Shot by Joe Pavelski.
13:02 of 1st period - Shot Misses the Net.
13:04 of 1st period - Shot by Joe Pavelski.
13:04 of 1st period - Shot Misses the Net.
13:06 of 1st period - Shot by Mark Scheifele.
13:06 of 1st period - Shot Misses the Net.
13:08 of 1st period - Shot by Alex Pietrangelo.
13:08 of 1st period - Stopped by Andrei Vasilevskiy with a rebound.
13:10 of 1st period - Shot by Mark Scheifele.
13:10 of 1st period - Stopped by Andrei Vasilevskiy without a rebound.
13:11 of 1st period - Tomas Hertl wins face-off versus Nick Suzuki in MINNESOTA zone.
13:51 of 1st period - Matt Calvert is hit by Brady Tkachuk and loses puck.
14:26 of 1st period - Shot by Mark Scheifele.
14:26 of 1st period - Stopped by Andrei Vasilevskiy without a rebound.
14:27 of 1st period - Joe Pavelski wins face-off versus Johan Larsson in MINNESOTA zone.
17:53 of 1st period - Shot by Ondrej Palat.
17:53 of 1st period - Shot Misses the Net.
18:00 of 1st period - Icing by Oliver Ekman-Larsson.
18:01 of 1st period - Mark Scheifele wins face-off versus Colin White in MINNESOTA zone.
18:04 of 1st period - Shot by Mark Scheifele.
18:04 of 1st period - Shot Misses the Net.
18:06 of 1st period - Shot by Brady Tkachuk.
18:06 of 1st period - Deflect By Justin Williams.
18:06 of 1st period - Shot Misses the Net.
18:18 of 1st period - Shot by Mark Scheifele.
18:18 of 1st period - Shot Misses the Net.
18:20 of 1st period - Shot by Matt Niskanen.
18:20 of 1st period - Shot Blocked by Niklas Hjalmarsson.
18:50 of 1st period - Shot by Curtis Lazar.
18:50 of 1st period - Shot Blocked by Niklas Hjalmarsson.
18:56 of 1st period - Shot by Ryan Reaves.
18:56 of 1st period - Stopped by Andrei Vasilevskiy with a rebound.
19:12 of 1st period - Shot by Ethan Bear.
19:12 of 1st period - Deflect By Ryan Reaves.
19:12 of 1st period - Shot Misses the Net.
19:14 of 1st period - Shot by Ethan Bear.
19:14 of 1st period - Shot Blocked by Niklas Hjalmarsson.
Goals for this period are 0 for MINNESOTA vs 0 for TORONTO.
Shots for this period are 7 for MINNESOTA vs 9 for TORONTO.

2nd period


0:01 of 2nd period - Mark Scheifele wins face-off versus Tomas Hertl in neutral zone.
0:22 of 2nd period - Kevin Shattenkirk is hit by Tomas Hertl.
1:58 of 2nd period - Shot by Oskar Lindblom.
1:58 of 2nd period - Shot Misses the Net.
2:00 of 2nd period - Shot by Oskar Lindblom.
2:00 of 2nd period - Shot Misses the Net.
2:42 of 2nd period - Shot by Jordan Martinook.
2:42 of 2nd period - Stopped by Andrei Vasilevskiy without a rebound.
2:43 of 2nd period - Tomas Hertl wins face-off versus Curtis Lazar in MINNESOTA zone.
2:43 of 2nd period - Tomas Hertl is hit by Jordan Martinook.
3:09 of 2nd period - Shot by Mark Giordano.
3:09 of 2nd period - Stopped by Anton Khudobin without a rebound.
3:10 of 2nd period - Johan Larsson wins face-off versus Brayden Point in TORONTO zone.
3:16 of 2nd period - Brayden Point is hit by William Carrier and loses puck.
3:27 of 2nd period - Shot by Brayden Point.
3:27 of 2nd period - Shot Blocked by Oliver Ekman-Larsson.
3:38 of 2nd period - Icing by Johan Larsson.
3:39 of 2nd period - Mark Scheifele wins face-off versus Johan Larsson in MINNESOTA zone.
3:59 of 2nd period - Shot by Justin Williams.
3:59 of 2nd period - Shot Blocked by Niklas Hjalmarsson.
4:19 of 2nd period - Mark Scheifele is hit by Niklas Hjalmarsson and loses puck.
4:47 of 2nd period - Oskar Lindblom is hit by Niklas Hjalmarsson.
4:53 of 2nd period - Shot by Jeff Skinner.
4:53 of 2nd period - Stopped by Andrei Vasilevskiy with a rebound.
5:22 of 2nd period - Icing by Oliver Ekman-Larsson.
5:23 of 2nd period - Curtis Lazar wins face-off versus Johan Larsson in MINNESOTA zone.
5:28 of 2nd period - Shot by Jordan Martinook.
5:28 of 2nd period - Shot Misses the Net.
5:30 of 2nd period - Shot by Matt Niskanen.
5:30 of 2nd period - Goal by Matt Niskanen - MINNESOTA : 0 - TORONTO : 1.
5:31 of 2nd period - Tomas Hertl wins face-off versus Joe Pavelski in neutral zone.
5:51 of 2nd period - Shot by Nikita Kucherov.
5:51 of 2nd period - Shot Blocked by Matt Niskanen.
6:06 of 2nd period - Icing by Matt Niskanen.
6:07 of 2nd period - John Tavares wins face-off versus Joe Pavelski in TORONTO zone.
6:26 of 2nd period - Shot by John Tavares.
6:26 of 2nd period - Stopped by Anton Khudobin with a rebound.
6:28 of 2nd period - Shot by Zach Hyman.
6:28 of 2nd period - Shot Hit the Post.
7:08 of 2nd period - Shot by Mark Giordano.
7:08 of 2nd period - Stopped by Anton Khudobin with a rebound.
7:10 of 2nd period - Shot by Colin White.
7:10 of 2nd period - Shot Misses the Net.
7:16 of 2nd period - Shot by Mats Zuccarello.
7:16 of 2nd period - Shot Misses the Net.
7:18 of 2nd period - Shot by Mark Giordano.
7:18 of 2nd period - Stopped by Anton Khudobin without a rebound.
7:19 of 2nd period - Tomas Hertl wins face-off versus Nick Suzuki in TORONTO zone.
7:25 of 2nd period - Kyle Connor is hit by Jordie Benn.
7:42 of 2nd period - Minor Penalty to Jordie Benn for Hooking.
7:43 of 2nd period - Curtis Lazar wins face-off versus John Tavares in TORONTO zone.
7:43 of 2nd period - Josh Morrissey is hit by John Tavares and loses puck.
8:14 of 2nd period - Icing by Erik Karlsson.
8:15 of 2nd period - Brayden Point wins face-off versus John Tavares in MINNESOTA zone.
8:27 of 2nd period - Icing by Nikita Kucherov.
8:28 of 2nd period - Curtis Lazar wins face-off versus John Tavares in MINNESOTA zone.
9:02 of 2nd period - Off-side.
9:03 of 2nd period - Tomas Hertl wins face-off versus Brayden Point in neutral zone.
9:51 of 2nd period - Shot by Mark Scheifele.
9:51 of 2nd period - Stopped by Andrei Vasilevskiy without a rebound.
9:52 of 2nd period - Nick Suzuki wins face-off versus Johan Larsson in MINNESOTA zone.
10:04 of 2nd period - William Carrier is hit by Kevin Shattenkirk and loses puck.
10:40 of 2nd period - Icing by Matt Niskanen.
10:41 of 2nd period - Oskar Lindblom wins face-off versus Tomas Hertl in TORONTO zone.
10:43 of 2nd period - Icing by Matt Niskanen.
10:44 of 2nd period - Tomas Hertl wins face-off versus Nick Suzuki in TORONTO zone.
11:09 of 2nd period - Mark Scheifele is hit by Kyle Connor and loses puck.
11:51 of 2nd period - Icing by Oliver Ekman-Larsson.
11:52 of 2nd period - John Tavares wins face-off versus Brayden Point in MINNESOTA zone.
11:52 of 2nd period - John Tavares is hit by Joe Pavelski.
12:01 of 2nd period - Minor Penalty to Jordie Benn for Interference.
12:02 of 2nd period - John Tavares wins face-off versus Brayden Point in TORONTO zone.
12:07 of 2nd period - Shot by Kyle Connor.
12:07 of 2nd period - Shot Misses the Net.
12:09 of 2nd period - Shot by Nikita Kucherov.
12:09 of 2nd period - Stopped by Anton Khudobin with a rebound.
12:11 of 2nd period - Shot by Nikita Kucherov.
12:11 of 2nd period - Deflect By Kyle Connor.
12:11 of 2nd period - Shot Misses the Net.
12:13 of 2nd period - Shot by John Tavares.
12:13 of 2nd period - Shot Misses the Net.
12:17 of 2nd period - Shot by John Tavares.
12:17 of 2nd period - Stopped by Anton Khudobin without a rebound.
12:18 of 2nd period - Tomas Hertl wins face-off versus Brayden Point in TORONTO zone.
12:32 of 2nd period - Shot by Tanner Pearson.
12:32 of 2nd period - Shot Hit the Post.
13:18 of 2nd period - Shot by Torey Krug.
13:18 of 2nd period - Shot Blocked by Josh Morrissey.
14:10 of 2nd period - Shot by Colin White.
14:10 of 2nd period - Stopped by Anton Khudobin without a rebound.
14:11 of 2nd period - William Carrier wins face-off versus Nick Suzuki in TORONTO zone.
14:12 of 2nd period - Shot by Matt Calvert.
14:12 of 2nd period - Shot Misses the Net.
14:20 of 2nd period - Shot by Oskar Lindblom.
14:20 of 2nd period - Deflect By Jeff Skinner.
14:20 of 2nd period - Shot Misses the Net.
14:22 of 2nd period - Shot by Matt Niskanen.
14:22 of 2nd period - Shot Blocked by Niklas Hjalmarsson.
14:36 of 2nd period - Nick Suzuki is hit by Oliver Ekman-Larsson.
14:37 of 2nd period - Minor Penalty to Oliver Ekman-Larsson for Hooking.
14:38 of 2nd period - Joe Pavelski wins face-off versus Johan Larsson in MINNESOTA zone.
14:38 of 2nd period - Kevin Shattenkirk is hit by Erik Karlsson and loses puck.
15:08 of 2nd period - Shot by Kevin Shattenkirk.
15:08 of 2nd period - Shot Misses the Net.
15:10 of 2nd period - Shot by Alex Pietrangelo.
15:10 of 2nd period - Stopped by Andrei Vasilevskiy without a rebound.
15:11 of 2nd period - Nick Suzuki wins face-off versus Tomas Hertl in MINNESOTA zone.
15:12 of 2nd period - Shot by Josh Morrissey.
15:12 of 2nd period - Stopped by Andrei Vasilevskiy with a rebound.
15:14 of 2nd period - Shot by Matt Niskanen.
15:14 of 2nd period - Shot Misses the Net.
15:46 of 2nd period - Shot by Jeff Skinner.
15:46 of 2nd period - Goal by Jeff Skinner - MINNESOTA : 0 - TORONTO : 2.
15:47 of 2nd period - Brayden Point wins face-off versus John Tavares in neutral zone.
15:58 of 2nd period - Shot by Brayden Point.
15:58 of 2nd period - Shot Misses the Net.
16:00 of 2nd period - Shot by Jordie Benn.
16:00 of 2nd period - Stopped by Andrei Vasilevskiy with a rebound.
16:02 of 2nd period - Shot by Ethan Bear.
16:02 of 2nd period - Shot Misses the Net.
16:04 of 2nd period - Shot by Brayden Point.
16:04 of 2nd period - Stopped by Andrei Vasilevskiy without a rebound.
16:05 of 2nd period - Tomas Hertl wins face-off versus Curtis Lazar in MINNESOTA zone.
16:05 of 2nd period - Tomas Hertl is hit by Ryan Reaves.
18:08 of 2nd period - Icing by Niklas Hjalmarsson.
18:09 of 2nd period - John Tavares wins face-off versus Nick Suzuki in MINNESOTA zone.
18:42 of 2nd period - Shot by Nick Suzuki.
18:42 of 2nd period - Stopped by Andrei Vasilevskiy with a rebound.
18:44 of 2nd period - Shot by Oskar Lindblom.
18:44 of 2nd period - Stopped by Andrei Vasilevskiy with a rebound.
18:46 of 2nd period - Shot by Alex Pietrangelo.
18:46 of 2nd period - Shot Blocked by Niklas Hjalmarsson.
19:16 of 2nd period - Shot by Jordie Benn.
19:16 of 2nd period - Shot Misses the Net.
19:58 of 2nd period - Shot by William Carrier.
19:58 of 2nd period - Shot Blocked by Matt Niskanen.
Goals for this period are 0 for MINNESOTA vs 2 for TORONTO.
Shots for this period are 7 for MINNESOTA vs 11 for TORONTO.

3rd period


0:01 of 3rd period - Brayden Point wins face-off versus Tomas Hertl in neutral zone.
0:23 of 3rd period - Icing by Tomas Hertl.
0:24 of 3rd period - Tomas Hertl wins face-off versus Mark Scheifele in MINNESOTA zone.
0:51 of 3rd period - Mark Scheifele is hit by Mark Giordano and loses puck.
0:58 of 3rd period - Brady Tkachuk is hit by Tomas Hertl and loses puck.
1:20 of 3rd period - Tanner Pearson is hit by Kevin Shattenkirk and loses puck.
1:26 of 3rd period - Minor Penalty to Zach Hyman for Tripping.
1:27 of 3rd period - Joe Pavelski wins face-off versus Matt Calvert in MINNESOTA zone.
1:48 of 3rd period - Shot by Ethan Bear.
1:48 of 3rd period - Stopped by Andrei Vasilevskiy without a rebound.
1:49 of 3rd period - Nick Suzuki wins face-off versus Johan Larsson in MINNESOTA zone.
1:58 of 3rd period - Shot by Josh Morrissey.
1:58 of 3rd period - Shot Blocked by Brett Kulak.
2:33 of 3rd period - Brayden Point is hit by Mark Giordano and loses puck.
2:36 of 3rd period - Shot by Kevin Shattenkirk.
2:36 of 3rd period - Shot Misses the Net.
2:38 of 3rd period - Shot by Alex Pietrangelo.
2:38 of 3rd period - Stopped by Andrei Vasilevskiy without a rebound.
2:39 of 3rd period - Joe Pavelski wins face-off versus Tomas Hertl in MINNESOTA zone.
2:52 of 3rd period - Shot by Alex Pietrangelo.
2:52 of 3rd period - Stopped by Andrei Vasilevskiy with a rebound.
3:21 of 3rd period - Icing by Josh Morrissey.
3:22 of 3rd period - Nick Suzuki wins face-off versus Johan Larsson in TORONTO zone.
4:23 of 3rd period - Icing by Kyle Connor.
4:24 of 3rd period - Brayden Point wins face-off versus Tomas Hertl in MINNESOTA zone.
4:25 of 3rd period - Shot by Ondrej Palat.
4:25 of 3rd period - Shot Misses the Net.
4:46 of 3rd period - Shot by Kyle Connor.
4:46 of 3rd period - Shot Blocked by Alex Pietrangelo.
4:48 of 3rd period - Shot by Nikita Kucherov.
4:48 of 3rd period - Goal by Nikita Kucherov - MINNESOTA : 1 - TORONTO : 2.
4:49 of 3rd period - Mark Scheifele wins face-off versus Colin White in neutral zone.
5:04 of 3rd period - Erik Karlsson is hit by Brady Tkachuk and loses puck.
5:11 of 3rd period - Shot by Mark Scheifele.
5:11 of 3rd period - Shot Misses the Net.
6:03 of 3rd period - Shot by Joe Pavelski.
6:03 of 3rd period - Stopped by Andrei Vasilevskiy with a rebound.
6:35 of 3rd period - Ethan Bear is hit by Mats Zuccarello and loses puck.
7:02 of 3rd period - Shot by Jeff Skinner.
7:02 of 3rd period - Shot Misses the Net.
7:11 of 3rd period - Erik Karlsson is hit by Kevin Shattenkirk and loses puck.
8:07 of 3rd period - Shot by Mark Scheifele.
8:07 of 3rd period - Deflect By Justin Williams.
8:07 of 3rd period - Shot Misses the Net.
8:09 of 3rd period - Shot by Mark Scheifele.
8:09 of 3rd period - Shot Misses the Net.
8:11 of 3rd period - Shot by Alex Pietrangelo.
8:11 of 3rd period - Shot Blocked by Colin White.
8:56 of 3rd period - Shot by Brayden Point.
8:56 of 3rd period - Stopped by Andrei Vasilevskiy without a rebound.
8:57 of 3rd period - Tomas Hertl wins face-off versus Nick Suzuki in MINNESOTA zone.
8:57 of 3rd period - Tomas Hertl is hit by Oskar Lindblom.
9:13 of 3rd period - Shot by Jeff Skinner.
9:13 of 3rd period - Stopped by Andrei Vasilevskiy without a rebound.
9:14 of 3rd period - John Tavares wins face-off versus Brayden Point in MINNESOTA zone.
9:14 of 3rd period - John Tavares is hit by Joe Pavelski.
9:19 of 3rd period - Torey Krug is hit by Jordie Benn.
9:46 of 3rd period - Shot by John Tavares.
9:46 of 3rd period - Goal by John Tavares - MINNESOTA : 2 - TORONTO : 2.
9:47 of 3rd period - Tomas Hertl wins face-off versus Mark Scheifele in neutral zone.
9:54 of 3rd period - Shot by Nikita Kucherov.
9:54 of 3rd period - Shot Misses the Net.
9:56 of 3rd period - Shot by Nikita Kucherov.
9:56 of 3rd period - Shot Misses the Net.
10:08 of 3rd period - Shot by Tomas Hertl.
10:08 of 3rd period - Shot Blocked by Alex Pietrangelo.
10:18 of 3rd period - Shot by Kyle Connor.
10:18 of 3rd period - Shot Blocked by Alex Pietrangelo.
10:20 of 3rd period - Shot by Niklas Hjalmarsson.
10:20 of 3rd period - Shot Misses the Net.
10:22 of 3rd period - Shot by Niklas Hjalmarsson.
10:22 of 3rd period - Stopped by Anton Khudobin without a rebound.
10:23 of 3rd period - Nick Suzuki wins face-off versus Tanner Pearson in TORONTO zone.
10:59 of 3rd period - Shot by John Tavares.
10:59 of 3rd period - Shot Misses the Net.
11:01 of 3rd period - Shot by Tanner Pearson.
11:01 of 3rd period - Stopped by Anton Khudobin with a rebound.
11:41 of 3rd period - Shot by Brayden Point.
11:41 of 3rd period - Shot Misses the Net.
12:36 of 3rd period - Off-side.
12:37 of 3rd period - John Tavares wins face-off versus Curtis Lazar in neutral zone.
13:21 of 3rd period - Icing by John Tavares.
13:22 of 3rd period - John Tavares wins face-off versus Brayden Point in MINNESOTA zone.
13:22 of 3rd period - John Tavares is hit by Ondrej Palat.
13:58 of 3rd period - Shot by Nikita Kucherov.
13:58 of 3rd period - Shot Hit the Post.
14:00 of 3rd period - Shot by Niklas Hjalmarsson.
14:00 of 3rd period - Goal by Niklas Hjalmarsson - MINNESOTA : 3 - TORONTO : 2.
14:01 of 3rd period - Mark Scheifele wins face-off versus Johan Larsson in neutral zone.
14:05 of 3rd period - Shot by Justin Williams.
14:05 of 3rd period - Stopped by Andrei Vasilevskiy without a rebound.
14:06 of 3rd period - Matt Calvert wins face-off versus Mark Scheifele in MINNESOTA zone.
14:25 of 3rd period - Shot by Johan Larsson.
14:25 of 3rd period - Stopped by Anton Khudobin without a rebound.
14:26 of 3rd period - Tomas Hertl wins face-off versus Nick Suzuki in TORONTO zone.
14:49 of 3rd period - Icing by Josh Morrissey.
14:50 of 3rd period - Nick Suzuki wins face-off versus John Tavares in TORONTO zone.
15:37 of 3rd period - Minor Penalty to Kyle Connor for Hooking.
15:38 of 3rd period - Johan Larsson wins face-off versus Joe Pavelski in MINNESOTA zone.
15:38 of 3rd period - Johan Larsson is hit by Brayden Point.
16:39 of 3rd period - Shot by Brady Tkachuk.
16:39 of 3rd period - Stopped by Andrei Vasilevskiy without a rebound.
16:40 of 3rd period - Johan Larsson wins face-off versus Nick Suzuki in MINNESOTA zone.
16:59 of 3rd period - Shot by Jeff Skinner.
16:59 of 3rd period - Stopped by Andrei Vasilevskiy without a rebound.
17:00 of 3rd period - Mark Scheifele wins face-off versus Johan Larsson in MINNESOTA zone.
17:01 of 3rd period - Shot by Brayden Point.
17:01 of 3rd period - Shot Misses the Net.
17:03 of 3rd period - Shot by Alex Pietrangelo.
17:03 of 3rd period - Stopped by Andrei Vasilevskiy with a rebound.
17:55 of 3rd period - Zach Hyman is hit by Ethan Bear and loses puck.
18:12 of 3rd period - Shot by Jordan Martinook.
18:12 of 3rd period - Shot Misses the Net.
18:52 of 3rd period - Icing by Niklas Hjalmarsson.
18:53 of 3rd period - Tomas Hertl wins face-off versus Mark Scheifele in MINNESOTA zone.
18:58 of 3rd period - TORONTO, Anton Khudobin is pulled from the net.
19:20 of 3rd period - Shot by Justin Williams.
19:20 of 3rd period - Shot Misses the Net.
19:22 of 3rd period - Shot by Josh Morrissey.
19:22 of 3rd period - Shot Misses the Net.
19:45 of 3rd period - Brayden Point is hit by Oliver Ekman-Larsson and loses puck.
19:51 of 3rd period - Brayden Point is hit by Oliver Ekman-Larsson and loses puck.
19:59 of 3rd period - Icing by Niklas Hjalmarsson.
Goals for this period are 3 for MINNESOTA vs 0 for TORONTO.
Shots for this period are 6 for MINNESOTA vs 10 for TORONTO.